 Dungeon Crawl Stone Soup version 0.26.1-2-gb8aa6d0cf2 (webtiles) character file.

Game seed: 4555058434561839362

86 DwarfAlpaca the Covered (level 4, -3/38 HPs)
             Began as a Barachi Fighter on Mar 30, 2021.
             Slain by a phantom (6 damage)
             ... on level 2 of the Dungeon.
             The game lasted 00:04:22 (1948 turns).

DwarfAlpaca the Covered (Barachi Fighter)           Turns: 1948, Time: 00:04:23

Health: -3/38      AC:  9    Str: 18    XL:     4   Next: 49%
Magic:  4/4        EV:  7    Int:  9    God:
Gold:   118        SH:  9    Dex: 11    Spells: 3/3 levels left

rFire    . . .     SeeInvis .   a - +0 long sword
rCold    . . .     Faith    .   c - +0 kite shield
rNeg     . . .     Spirit   .   b - +0 scale mail
rPois    .         Reflect  .   (no helmet)
rElec    .         Harm     .   (no cloak)
rCorr    .         Rampage  .   h - +1 pair of gloves
Will     .....                  (no boots)
Stlth    ..........             (no amulet)
HPRegen  0.12/turn              (no ring)
MPRegen  0.09/turn              (no ring)

@: slow
A: +LOS, swims, slowness 1, strong legs 1
a: Hop


You were on level 2 of the Dungeon.
You visited 1 branch of the dungeon, and saw 3 of its levels.

You collected 118 gold pieces.

Inventory:

Hand Weapons
 a - a +0 long sword (weapon)
Armour
 b - a +0 scale mail (worn)
 c - a +0 kite shield (worn)
 h - a +1 pair of gloves (worn)
Scrolls
 f - 2 scrolls of random uselessness {unknown}
 i - a scroll of identify {unknown}
 k - a scroll of remove curse {unknown}
 l - a scroll of immolation {unknown}
 n - a scroll of magic mapping {unknown}
 o - a scroll of blinking {unknown}
Potions
 d - a potion of might
 e - a potion of degeneration {unknown}
 g - 2 potions of curing {unknown}
 j - 3 potions of lignification {unknown}
 m - 2 potions of resistance {unknown}


   Skills:
 + Level 4.4 Fighting
 * Level 4.2 Long Blades
 + Level 4.4 Armour
 - Level 3.2 Shields


You had 3 spell levels left.
You didn't know any spells.
Your spell library was empty.

Dungeon Overview and Level Annotations

Branches:
Dungeon (3/15)

Altars:


Innate Abilities, Weirdness & Mutations

You can be seen from farther away. (+LOS)
You can swim through water.
You cover ground slowly.
You can hop short distances.


Message History

There is a stone staircase leading up here.
You closely miss the orc priest.
The orc priest invokes the aid of Beogh against you.
You barely resist.
The orc priest mumbles some strange prayers to Beogh against you.
You barely resist. You closely miss the orc priest.
The orc priest mumbles some strange prayers to Beogh against you.
Beogh smites you!
The orc hits you from afar with a +0 trident.
You hear a shout!
The orc priest invokes the aid of Beogh against you.
Pain shoots through your body!
* * * LOW HITPOINT WARNING * * *
You block the orc's attack.
You climb upwards.
The phantom hits you but does no damage.
There is a stone staircase leading down here.
The phantom hits you.
You die...

#.# #.# # #.# #.# #.
#.# #.# .
####.###.#### #.
#...........# .
#.##.#......#
#.#.#...<.....#
######.#.#..#......#
#........#..W@#.####
....(........>#.#
#............o#.#
######..###.#.#.#
..... ...#.#.####
#####
.......####.#....#
#...) #####.#
#.####)### #.### #.
#.##[....# #(# #.
#.##.....# #.#


You could see a phantom and an orc priest.

Vanquished Creatures
  4 gnolls (D:2)
  An adder (D:2)
  A worm (D:2)
  3 dart slugs (D:1)
  A leopard gecko (D:2)
  An orc (D:2)
  3 giant cockroaches (D:1)
  2 hobgoblins (D:1)
  3 jackals (D:1)
  A ball python (D:1)
  2 bats
  A frilled lizard (D:1)
  2 goblins (D:1)
  2 kobolds (D:1)
  4 rats
31 creatures vanquished.

Vanquished Creatures (others)
  A bat (D:1)
1 creature vanquished.

Grand Total: 32 creatures vanquished

Notes
Turn   | Place    | Note
-------+----------+-------------------------------------------
     0 | D:1      | DwarfAlpaca the Barachi Fighter began the quest for the
                  | Orb.
     0 | D:1      | Reached XP level 1. HP: 18/18 MP: 1/1
   214 | D:1      | Reached XP level 2. HP: 24/25 MP: 2/2
   490 | D:1      | Reached XP level 3. HP: 28/30 MP: 3/3
  1109 | D:2      | Reached XP level 4. HP: 30/37 MP: 4/4
  1454 | D:2      | Noticed a phantom
  1948 | D:2      | Slain by a phantom

Illustrated notes

Levels and vault maps discovered:
D:1:      dpeg_arrival_tiny_c, layout_rooms, lemuel_flame_loot_1
D:2:      layout_basic, cheibrodos_gnoll_hut
D:3:      layout_basic, lemuel_round_altar

Skill      XL: |  1  2  3 |
---------------+----------+-----
Long Blades    | 3 4 |  4.2
Fighting       | 4 |  4.4
Armour         | 4 |  4.4
Shields        | |  3.2

Action                   |  1- 3 |  4- 6 || total
-------------------------+-------+-------++-------
Melee: Long sword        |    99 |    36 ||   135
Armor: Scale mail        |    47 |    16 ||    63
Dodge: Dodged            |    33 |     8 ||    41
Block: Kite shield       |    35 |    15 ||    50
       Rpst.: Long sword |     9 |     3 ||    12
